General information
- name: BNet
- type: Ladder 1vs1/FFA
- host: Battle.net
- saver: duessues
map: EchoIsles
- players: 2
- length: 34:17
- speed: Fast
- version: 1.21 W3XP
- replay type: Public
» download(130 KB)
Players
team 1 (loser)
Mary_chik (
blue | 93 APM | 3190 actions | 34:13)
5 Far Seer
2 Feral Spirit
3 Chain Lighting
6 Shadow Hunter
3 Healing Wave
2 Serpent Ward
1 Big Bad Voodoo
» actions
| Assign group hotkey | 38 | |
| Basic commands | 317 | |
| Build / train | 89 | |
| ESC pressed | 2 | |
| Enter build submenu | 30 | |
| Enter hero's abilities submenu | 11 | |
| Remove unit from queue | 3 | |
| Right click | 843 | |
| Select / deselect | 787 | |
| Select group hotkey | 864 | |
| Use ability | 206 | |
3190 total
» units
| Peon | 16 | |
| Grunt | 5 | |
| Raider | 10 | |
| Troll Witch Doctor | 8 | |
| Kodo Beast | 1 | |
| Demolisher | 2 | |
| Troll Headhunter/Berserker | 8 | |
| Troll Batrider | 2 | |
52 total
» upgrades
| Melee Weapons | 2 | |
| Armor | 2 | |
| Ensnare | 1 | |
| Witch Doctor Training | 2 | |
| War Drums Damage Increase | 1 | |
| Berserker Upgrade | 1 | |
| Ranged Weapons | 2 | |
11 total
» buildings
| Altar of Storms | 1 | |
| Orc Burrow | 6 | |
| Barracks | 2 | |
| War Mill | 1 | |
| Stronghold | 1 | |
| Voodoo Lounge | 1 | |
| Watch Tower | 1 | |
| Beastiary | 2 | |
| Fortress | 1 | |
| Spirit Lodge | 2 | |
| Great Hall | 3 | |
21 total
» build order
00:03 Altar of Storms
00:06 Orc Burrow
00:09 Barracks
00:15 Barracks
01:23 War Mill
01:43 Orc Burrow
03:18 Stronghold
03:23 Orc Burrow
03:41 Voodoo Lounge
04:51 Watch Tower
06:28 Orc Burrow
06:33 Beastiary
07:00 Beastiary
08:01 Fortress
08:45 Spirit Lodge
08:54 Spirit Lodge
10:17 Orc Burrow
11:18 Orc Burrow
15:46 Great Hall
15:53 Great Hall
23:03 Great Hall
» items
| Healing Salve | 4 | |
| Potion of Mana | 1 | |
| Lesser Clarity Potion | 1 | |
| Scroll of Town Portal | 1 | |
7 total
team 2 (winner)
duessues (
yellow | 143 APM | 4897 actions | 34:17)
7 Death Knight
3 Death Coil
3 Unholy Aura
1 Death Pact
6 Lich
3 Frost Nova
3 Frost Armor
» actions
| Assign group hotkey | 22 | |
| Basic commands | 199 | |
| Build / train | 58 | |
| ESC pressed | 6 | |
| Enter build submenu | 28 | |
| Enter hero's abilities submenu | 13 | |
| Give item / drop item | 6 | |
| Right click | 2176 | |
| Select / deselect | 379 | |
| Select group hotkey | 1890 | |
| Use ability | 120 | |
4897 total
» units
| Acolyte | 6 | |
| Ghoul | 3 | |
| Crypt Fiend | 11 | |
| Frost Wyrm | 7 | |
27 total
» upgrades
» buildings
| Crypt | 2 | |
| Altar of Darkness | 1 | |
| Ziggurat | 11 | |
| Graveyard | 1 | |
| Nerubian Tower | 1 | |
| Tomb of Relics | 3 | |
| Halls of the Dead | 1 | |
| Spirit Tower | 3 | |
| Black Citadel | 1 | |
| Sacrificial Pit | 1 | |
| Boneyard | 2 | |
| Necropolis | 1 | |
28 total
» build order
00:20 Crypt
00:25 Altar of Darkness
00:37 Ziggurat
01:00 Graveyard
01:42 Nerubian Tower
02:13 Tomb of Relics
03:11 Ziggurat
03:42 Tomb of Relics
03:44 Tomb of Relics
04:12 Ziggurat
05:13 Halls of the Dead
05:14 Spirit Tower
06:52 Ziggurat
06:55 Ziggurat
07:41 Black Citadel
07:44 Sacrificial Pit
07:50 Spirit Tower
09:15 Ziggurat
09:17 Ziggurat
09:21 Ziggurat
10:18 Boneyard
10:21 Boneyard
12:21 Ziggurat
12:24 Ziggurat
21:22 Crypt
25:30 Spirit Tower
32:26 Necropolis
33:23 Ziggurat
» items
| Potion of Mana | 5 | |
| Orb of Corruption | 1 | |
| Scroll of Town Portal | 3 | |
9 total
Chat log
(00:12 / All) Mary_chik: gl hf
(00:15 / All) duessues: you too
(00:18 / All) Mary_chik: thx
(01:25 / All) duessues: i hate this map =(
(03:34 / All) Mary_chik: no~~
(03:44 / All) duessues: ?
(26:47 / All) Mary_chik: gg
(32:02 / All) Mary_chik: omg
(32:04 / All) duessues: lol
(32:47 / All) duessues: lol
(32:50 / All) duessues: this has been a crazy game
(33:02 / All) Mary_chik: nice hero control
(33:04 / All) duessues: ty
(33:07 / All) duessues: lol nice come back
(34:05 / All) Mary_chik: gg
(34:06 / All) duessues: gg
(34:08 / All) duessues: very good game